Unix NetHack Version 3.7.0-97 Work-in-progress - last build Jan 28 2024 04:41:54 (eae211b052f4c4d875b52ed558e44d2f93f0896c,branch:master). Game began 2024-02-05 13:08:07, ended 2024-02-05 22:03:51. theworstmau, neutral male human Wizard ----- ----- |???| #....| |??+| #|....###### |]?+| ######[....| |???| #### #--.-- |... #### # ### -|- ### ##### #### ( # # # # ---|--- # [# --# |.....| # ------|- -|---- |.....| ## |......| |(...| |.....| ## |......| |..`.| |.._..|##########........######.%<..| |......# -------- ------ |.....|# ------- Theworstmau the Thaumaturge St:13 Dx:13 Co:17 In:17 Wi:11 Ch:12 Neutral Dlvl:9 $:300 HP:0(73) Pw:1(59) AC:8 Xp:8/1449 T:8055 Latest messages: What do you want to wear? You can see yourself! You are now wearing a mummy wrapping. "Hello, theworstmau! Welcome to Ballingeary's second-hand bookstore!" "Will you please leave your pick-axe outside?" The rope golem hits! The rope golem hits again! "Hello, theworstmau! Welcome again to Ballingeary's second-hand bookstore!" "Will you please leave your pick-axe outside?" What do you want to drop? You drop an uncursed pick-axe named !c. "Hello, theworstmau! Welcome again to Ballingeary's second-hand bookstore!" You see here an uncursed pick-axe named !c. What do you want to write with? You write in the dust with your fingertip. Something is written here in the dust. You read: "Elbereth". You see here an uncursed pick-axe named !c. The goblin turns to flee. The rope golem turns to flee. The goblin wields a runed short sword! You kill the goblin! There are several objects here. There is a goblin corpse here; eat it? [ynq] (n) This goblin corpse tastes okay. You finish eating the goblin corpse. In what direction? You throw 2 daggers named ammo. The 1st dagger named ammo hits the rope golem. The 2nd dagger named ammo hits the rope golem. In what direction? The dagger named ammo hits the rope golem! The rope golem hits! The rope golem hits again! The rope golem grabs you! In what direction? The dagger named ammo hits the rope golem. The rope golem hits! The rope golem hits again! You are being choked. In what direction? The dagger named ammo hits the rope golem! The rope golem hits! The rope golem hits again! You are being choked. In what direction? You destroy the rope golem! The magic missile hits you! You die... Do you want to see the dungeon overview? [ynq] (y) Inventory: Coins $ - 300 gold pieces Weapons o - a +0 crossbow V - a blessed +1 dagger a - 2 +0 elven daggers named !c (wielded) Armor H - an uncursed +0 elven leather helm named !c (being worn) j - an uncursed +0 pair of elven boots B - an uncursed +0 pair of jumping boots named !c (being worn) e - an uncursed +0 pair of low boots named !c C - an uncursed +0 cloak of magic resistance J - an uncursed +0 cloak of protection named !c X - an uncursed +0 dwarvish cloak N - a blessed +2 elven cloak W - an uncursed +0 mummy wrapping (being worn) Comestibles K - an uncursed cream pie q - an uncursed pear n - a cursed partly eaten tripe ration i - an uncursed tin of spinach O - an uncursed lizard corpse Scrolls T - 4 uncursed scrolls of blank paper Z - an uncursed scroll of earth R - an uncursed scroll of remove curse Spellbooks L - an uncursed spellbook of magic missile named !c U - an uncursed spellbook of magic missile Potions D - an uncursed potion of extra healing S - 2 blessed potions of healing g - an uncursed potion of healing Rings c - an uncursed ring of cold resistance f - an uncursed ring of fire resistance r - an uncursed ring of free action G - an uncursed ring of invisibility z - an uncursed ring of see invisible named !c Wands t - a wand of digging (0:6) u - a cursed wand of slow monster named z1 (0:3) d - a wand of speed monster (0:8) Tools P - an uncursed blindfold k - an uncursed credit card l - an uncursed leash m - a magic marker (0:19) Q - an uncursed mirror E - an uncursed tin opener w - an uncursed tin whistle h - a +0 unicorn horn Gems/Stones I - an uncursed jade stone A - an uncursed worthless piece of orange glass F - an uncursed worthless piece of white glass v - an uncursed worthless piece of yellowish brown glass Theworstmau the Wizard's attributes: Background: You were a Thaumaturge, a level 8 male human Wizard. You were neutral, on a mission for Thoth who was opposed by Ptah (lawful) and Anhur (chaotic). You were left-handed. You were in the Dungeons of Doom, on level 9. You entered the dungeon 8055 turns ago. It was nighttime. You had 1449 experience points, 1111 more were needed to attain level 9. Basics: You had 0 out of 73 hit points. You had 1 out of 59 energy points (spell power). Your armor class was 8. Your wallet contained 300 zorkmids. Autopickup was on for '$"?!=/' plus thrown, with exceptions. Final Characteristics: Your strength was 13 (limit:18/100). Your dexterity was 13 (limit:18). Your constitution was 17 (limit:18). Your intelligence was 17 (limit:18). Your wisdom was 11 (limit:18). Your charisma was 12 (limit:18). Final Status: You weren't hungry. You were unencumbered. You were wielding daggers. You had expert skill with dagger. Final Attributes: You were piously aligned. You were telepathic. You were visible. You could jump. You were warded. You are dead. Miscellaneous: You never encountered a bones level. Total elapsed playing time was 1 hour, 53 minutes and 6 seconds. Major events: Turn 1: theworstmau the neutral male human Wizard entered the dungeon 1533: attained the rank of Conjurer (level 3) 2387: entered the Gnomish Mines 4049: attained the rank of Thaumaturge (level 6) 8055: killed by a magic missile cast by himself Vanquished creatures: a chameleon a giant beetle 2 quivering blobs a cockatrice 3 leprechauns 2 gnome rulers a dwarf mummy 2 Green-elves a lizard a jaguar 2 dwarf leaders a white unicorn a gnome mummy 3 rope golems a Woodland-elf a bugbear a wood nymph a water nymph an orc shaman a rock piercer a rock mole a fog cloud 2 yellow lights a shrieker 6 gnome leaders a gnomish wizard 2 gray oozes 2 paper golems 3 giant ants 2 little dogs 3 floating eyes a kitten 6 dwarves a homunculus a kobold shaman 4 hill orcs 3 rothes 3 giant bats a dwarf zombie a werejackal 6 iguanas an acid blob 8 coyotes a gas spore 4 hobbits 9 manes 2 hobgoblins 2 giant rats 2 cave spiders 2 yellow molds 2 green molds 22 gnomes 6 garter snakes a gnome zombie 3 geckos 13 jackals 2 foxes a goblin 3 sewer rats 5 grid bugs a bat 5 lichens 2 kobold zombies 6 newts 182 creatures vanquished. No species were genocided or became extinct. Voluntary challenges: You read items or engraved 4 times. You engraved Elbereth 3 times. You never genocided any monsters. You never polymorphed an object. You never changed form. You used no wishes. Achievements: You attained the rank of Conjurer. You entered the Gnomish Mines. You attained the rank of Thaumaturge. You entered a shop. The Dungeons of Doom: levels 1 to 9 Level 1: Level 2: A fountain. Level 3: "stash" Level 4: A fountain, a sink. Stairs down to The Gnomish Mines. Level 5: Some fountains. Level 6: A sink. Level 7: Many fountains. Oracle of Delphi. Level 8: A fountain. Level 9: <- You were here. An altar. Final resting place for you, killed by a magic missile cast by yourself. The Gnomish Mines: levels 5 to 8 Level 5: Level 6: Level 7: Level 8: Game over: ---------- / \ / REST \ / IN \ / PEACE \ / \ | theworstmau | | 300 Au | | killed by a | | magic missile | | cast by himself | | | | 2024 | *| * * * | * _________)/\\_//(\/(/\)/\//\/|_)_______ Goodbye theworstmau the Wizard... You died in The Dungeons of Doom on dungeon level 9 with 6476 points, and 300 pieces of gold, after 8055 moves. You were level 8 with a maximum of 73 hit points when you died.